[ AOE2 MATCH · #506677563 ]
UnrankedHuns vs Japanese
Player's team · LOSS
Rival team · WIN
[ REPLAY ANALYSIS · EXTRACTED FROM THE RECORDED GAME ]
Feudal
10:29
Castle
—
Imperial
—
| APM avg | 66.9 |
| APM peak | 97 |
| eAPM avg | 24.7 |
| Villagers / military | 27 / 16 |
Focus
⚔️ 35.2% · 🌾 64.8%
Archer ×11 · Militia ×4 · Spearman ×1
Feudal
9:21
Castle
—
Imperial
—
| APM avg | 36.8 |
| APM peak | 73 |
| eAPM avg | 16.1 |
| Villagers / military | 28 / 7 |
Focus
⚔️ 43.1% · 🌾 56.9%
Militia ×7
Match map
Initial resources + every placement click. Lines = walls · curves = elevation contours. ◆ gold · ⬟ stone · ● berries · ✦ relic · ◌ wall gap
Your base· Open — unwalled flank
ELODIN's base· Open — unwalled flank
Smoothed initial terrain · ◌ = detected wall gap · hover for details
Inputs per minute
— Pedro - - ELODIN
Build order — Pedro
62 actions detected in the replay
| 0:00 | Create | Villager (Male) |
| 0:00 | Create | Villager (Male) |
| 0:01 | Create | Villager (Male) |
| 0:01 | Create | Villager (Male) |
| 0:01 | Create | Villager (Male) |
| 1:18 | Create | Villager (Male) |
| 1:47 | Build | Lumber Camp |
| 1:50 | Create | Villager (Male) |
| 2:07 | Create | Villager (Male) |
| 2:36 | Create | Villager (Male) |
| 2:49 | Create | Villager (Male) |
| 3:22 | Create | Villager (Male) |
| 3:40 | Create | Villager (Male) |
| 4:17 | Create | Villager (Male) |
| 4:45 | Build | Barracks |
| 4:51 | Create | Villager (Male) |
| 5:23 | Create | Villager (Male) |
| 5:30 | Create | Villager (Male) |
| 5:46 | Create | Militia |
| 5:46 | Create | Militia |
| 6:03 | Build | Mill |
| 6:10 | Create | Militia |
| 6:10 | Create | Villager (Male) |
| 6:40 | Create | Militia |
| 6:42 | Create | Villager (Male) |
| 6:45 | Create | Villager (Male) |
| 6:57 | Research | Loom |
| 8:19 | Research | Feudal Age |
| 8:30 | Build | Lumber Camp |
| 8:56 | Build | Mining Camp |
| 9:20 | Create | Villager (Male) |
| 9:34 | Create | Villager (Male) |
| 10:06 | Create | Villager (Male) |
| 10:29 | Age | Feudal Age |
| 10:30 | Build | Archery Range |
| 10:32 | Create | Villager (Male) |
| 10:36 | Build | Watch Tower |
| 10:37 | Create | Villager (Male) |
| 10:41 | Create | Spearman |
| 10:46 | Research | Double-Bit Axe |
| 10:46 | Research | Double-Bit Axe |
| 10:46 | Create | Villager (Male) |
| 11:07 | Create | Archer |
| 11:08 | Create | Archer |
| 11:08 | Create | Archer |
| 11:08 | Create | Villager (Male) |
| 11:22 | Build | Palisade Wall |
| 11:25 | Build | Palisade Wall |
| 11:26 | Build | Palisade Wall |
| 11:31 | Build | Palisade Wall |
| 11:33 | Build | Palisade Wall |
| 11:38 | Build | Palisade Wall |
| 11:59 | Create | Archer |
| 11:59 | Create | Archer |
| 11:59 | Create | Archer |
| 12:14 | Create | Archer |
| 12:14 | Create | Archer |
| 12:16 | Create | Villager (Male) |
| 12:35 | Create | Archer |
| 12:35 | Create | Archer |
| 12:53 | Create | Archer |
| 13:00 | Build | Archery Range |
Build order — ELODIN
53 actions detected in the replay
| 0:00 | Create | Villager (Male) |
| 0:01 | Create | Villager (Male) |
| 0:01 | Create | Villager (Male) |
| 0:01 | Create | Villager (Male) |
| 0:04 | Build | House |
| 0:07 | Build | House |
| 1:25 | Create | Villager (Male) |
| 1:56 | Build | Lumber Camp |
| 2:00 | Create | Villager (Male) |
| 2:20 | Create | Villager (Male) |
| 2:49 | Create | Villager (Male) |
| 2:49 | Create | Villager (Male) |
| 3:05 | Create | Villager (Male) |
| 3:25 | Build | House |
| 3:27 | Build | House |
| 3:35 | Create | Villager (Male) |
| 3:35 | Create | Villager (Male) |
| 3:48 | Build | Mill |
| 3:57 | Create | Villager (Male) |
| 4:22 | Create | Villager (Male) |
| 4:33 | Create | Villager (Male) |
| 4:33 | Create | Villager (Male) |
| 5:04 | Create | Villager (Male) |
| 5:04 | Create | Villager (Male) |
| 5:50 | Build | Barracks |
| 6:15 | Create | Villager (Male) |
| 6:44 | Research | Loom |
| 7:11 | Research | Feudal Age |
| 7:22 | Build | Mining Camp |
| 7:58 | Create | Militia |
| 7:58 | Create | Militia |
| 7:58 | Create | Militia |
| 8:06 | Build | House |
| 8:11 | Build | Mill |
| 8:29 | Create | Militia |
| 9:20 | Create | Militia |
| 9:21 | Age | Feudal Age |
| 9:33 | Create | Villager (Male) |
| 9:33 | Create | Villager (Male) |
| 10:02 | Create | Villager (Male) |
| 10:02 | Create | Villager (Male) |
| 10:05 | Research | Man-at-Arms (upgrade) |
| 10:34 | Research | Double-Bit Axe |
| 10:35 | Research | Double-Bit Axe |
| 10:55 | Build | Lumber Camp |
| 10:58 | Create | Militia |
| 10:58 | Create | Militia |
| 11:14 | Build | Lumber Camp |
| 11:58 | Create | Villager (Male) |
| 11:59 | Create | Villager (Male) |
| 11:59 | Create | Villager (Male) |
| 12:24 | Create | Villager (Male) |
| 12:50 | Create | Villager (Male) |
Match timeline
| 4:45 | Pedro · first_building Barracks |
| 5:50 | ELODIN · first_building Barracks |
| 9:21 | ELODIN · age_up feudal |
| 10:29 | Pedro · age_up feudal |
| 10:30 | Pedro · first_building Archery Range |
| 11:22 | Pedro · wall_segment Palisade Wall x1 |
| 11:25 | Pedro · wall_segment Palisade Wall x1 |
| 11:26 | Pedro · wall_segment Palisade Wall x1 |
| 11:31 | Pedro · wall_segment Palisade Wall x1 |
| 11:33 | Pedro · wall_segment Palisade Wall x1 |
| 11:38 | Pedro · wall_segment Palisade Wall x1 |
| 13:08 | Pedro · resign |
[ AI ANALYSIS · 1 CREDIT ]
What really happened in this match?
Wolo.gg analyzes every decision: build order, eco, micro, common mistakes by bracket. Personalized analysis on WhatsApp or Discord in 30 seconds.
Civ guide
Huns
Perfil
Jugador #339375